 Dungeon Crawl Stone Soup version 0.30-a0-719-gcc4359ea44 (webtiles) character file.

Game seed: 1482514917173363521

3367 mandoloar the Thaumaturge (level 9, -21/45 HPs)
             Began as a Deep Elf Conjurer on Jan 26, 2023.
             Was a Believer of Vehumet.
             Demolished by Erolcha
             ... wielding a +0 giant spiked club
              (26 damage)
             ... on level 8 of the Dungeon.
             The game lasted 00:29:00 (8931 turns).

mandoloar the Thaumaturge (Deep Elf Conjurer)       Turns: 8931, Time: 00:29:00

Health: -21/45     AC: 11    Str:  4    XL:     9   Next: 73%
Magic:  11/28      EV: 11    Int: 34    God:    Vehumet [**....]
Gold:   507        SH:  0    Dex: 13    Spells: 23/34 levels left

rFire   . . .      SeeInvis .    a - +3 dagger (elec)
rCold   . . .      Faith    .    (no shield)
rNeg    . . .      Spirit   .    t - +2 leather armour {Will+}
rPois   .          Reflect  .    (no helmet)
rElec   .          Harm     .    e - +1 cloak
rCorr   .          Rampage  +    m - +0 pair of gloves
Will    +....                    k - +2 pair of boots {rampage}
Stlth   ++                       d - amulet of magic regeneration
HPRegen 0.27/turn                g - +6 ring of intelligence
MPRegen 0.61/turn                i - ring of wizardry

@: about to teleport
A: no striking features
a: Renounce Religion


You were on level 8 of the Dungeon.
You worshipped Vehumet.
Vehumet was pleased with you.
You visited 2 branches of the dungeon, and saw 10 of its levels.

You collected 507 gold pieces.

Inventory:

Hand Weapons
 a - a +3 dagger of electrocution (weapon)
Armour
 e - a +1 cloak (worn)
 k - a +2 pair of boots of rampaging (worn)
 m - a +0 pair of gloves (worn)
 t - a +2 leather armour of willpower (worn)
Jewellery
 d - an amulet of magic regeneration (around neck)
 g - a +6 ring of intelligence (left hand)
 i - a ring of wizardry (right hand)
 p - an amulet of regeneration
Wands
 r - a wand of light (26)
 s - a wand of flame (16)
 v - a wand of paralysis (7)
 y - a wand of roots (4)
Scrolls
 f - a scroll of magic mapping
 q - 4 scrolls of teleportation
 u - 2 scrolls of fog
 w - a scroll of torment {unknown}
 x - 3 scrolls of enchant weapon
Potions
 b - 4 potions of magic
 c - 2 potions of attraction
 h - 2 potions of flight
 j - a potion of brilliance
 l - a potion of berserk rage
 n - a potion of mutation {unknown}
 o - 4 potions of lignification
 z - a potion of curing {unknown}


   Skills:
 - Level 2.4 Dodging
 - Level 2.4 Stealth
 + Level 13.0 Spellcasting
 + Level 11.6 Conjurations


You had 23 spell levels left.
You knew the following spells:

 Your Spells              Type           Power      Damage    Failure   Level
a - Magic Dart            Conj           100%       1d8       1%          1
b - Searing Ray           Conj           100%       2d8       1%          2
c - Fulminant Prism       Conj/Hex       28%        3d14      1%          4
d - Iskenderun's Mystic   Conj/Tloc      57%        2d12      1%          4

Your spell library contained the following spells:

 Spells                   Type           Power      Damage    Failure   Level
 Momentum Strike          Conj/Tloc      100%       3d10      1%          2
 Apportation              Tloc           44%        N/A       1%          1
 Freeze                   Ice            88%        1d9       1%          1
 Necrotise                Necr           88%        1d8       1%          1
 Sandblast                Erth           44%        2d11      1%          1
 Summon Small Mammal      Summ           88%        N/A       1%          1
 Dazzling Flash           Conj/Hex       100%       N/A       1%          3
 Hailstorm                Conj/Ice       57%        3d12      1%          3
 Stone Arrow              Conj/Erth      100%       3d13      1%          3
 Sticky Flame             Conj/Fire      57%        2d7       1%          4
 Passwall                 Tmut/Erth      18%        N/A       2%          2
 Frozen Ramparts          Ice            44%        1d7       4%          3
 Ignite Poison            Fire/Tmut/Pois 22%        N/A       4%          3
 Olgreb's Toxic Radiance  Pois           22%        N/A       14%         4
 Starburst                Conj/Fire      28%        6d9       21%         6
 Ozocubu's Refrigeration  Ice            11%        4d9       100%        7
 Ignition                 Fire           11%        3d5       100%        8


Dungeon Overview and Level Annotations

Branches:
Dungeon (9/15)             Temple (1/1) D:5
   Lair: D:8-11         Orc: D:9-12

Altars:
Ashenzari
Cheibriados
Dithmenos
Elyvilon
Gozag
Kikubaaqudgha
Makhleb
Nemelex Xobeh
Okawaru
Qazlal
Sif Muna
Trog
Uskayaw
Vehumet
Wu Jian
Yredelemnul
Zin
The Shining One

Shops:
D:4 *[

Annotations:
D:8 Erolcha
D:9 Amaemon, Psyche


Message History

Press: ? - help, Dir - move target You conjure a prism of explosive energy!
A fulminant prism comes into view.
Your fulminant prism crackles loudly.
Your fulminant prism explodes!
Something hits you!
Your fulminant prism explodes!
Your fulminant prism crackles loudly.
Casting: Fulminant Prism (dangerous; 1% risk of failure)
Confirm with . or Enter, or press ? or * to list all spells.
You can't see any susceptible monsters within range! (Use Z to cast anyway.)
Casting: Fulminant Prism (dangerous; 1% risk of failure)
Confirm with . or Enter, or press ? or * to list all spells.
Okay, then.
Casting: Fulminant Prism (dangerous; 1% risk of failure)
Confirm with . or Enter, or press ? or * to list all spells.
You erupt in a blast of force!
The mystic blast hits something!!
Your fulminant prism explodes!
The blast of energy engulfs something.
Casting: Iskenderun's Mystic Blast (dangerous; 1% risk of failure)
Confirm with . or Enter, or press ? or * to list all spells.
Aiming: Fulminant Prism (dangerous; 1% risk of failure)
Press: ? - help, Dir - move target You conjure a prism of explosive energy!
A fulminant prism comes into view.
Psyche the Insane Magess comes into view.
She is wielding a +0 dagger of chaos, wearing a +2 robe of positive energy and carrying a wand of light (5).
Something hits you!!
Ouch! That really hurt!
* * * LOW HITPOINT WARNING * * *
Your fulminant prism crackles loudly.
You climb upwards.
Reactivating autopickup.
There is a stone staircase leading down here.
Deactivating autopickup; reactivate with Ctrl-A.
You closely miss something.
Okay, then.
As you read the scroll of teleportation, it crumbles to dust.
You feel strangely unstable. Something hits you!!
Ouch! That really hurt!
You die...

##.. ##... #.... ######### #....
#.......# #######.... #.......#
####### ###.......... ##.....[.#
#.....# ##...####..... .........#
#.....# #....####..... ##<......#
#....@# #....##....... #.......#
###...###....##.###... #.......#
#.#...#....#..# ##.. ####.####
#..##...##...####### #.#
##...[.............. #
#>########....##..##.........
#####.#..>.....#.####[###........
........########.## #.[..#...####
..###.### #..###....<....##


There were no monsters in sight!

Vanquished Creatures
  Pikel (D:7)
  A troll (D:6)
  An acid dragon (D:9)
  A water moccasin (D:6)
  Duvessa (D:5)
  An orc warrior (D:8)
  4 ogres
  4 lemures (D:7)
  Blork the orc (D:5)
  6 bullfrogs
  3 scorpions (D:5)
  7 wights (D:7)
  Dowan (D:5)
  3 killer bees (D:6)
  5 howler monkeys
  4 jellies
  2 gnoll boudas
  Crazy Yiuf (D:2)
  3 hounds
  3 orc priests
  3 iguanas
  2 orc wizards
  8 gnolls
  7 adders
  A white imp (D:7)
  2 ufetubi
  2 worms
  3 dart slugs
  5 orcs
  7 ball pythons
  7 bats
  6 endoplasms
  A giant cockroach (D:1)
  6 goblins
  5 hobgoblins
  6 jackals (D:2)
  A quokka (D:2)
  5 frilled lizards
  8 kobolds
  5 rats
143 creatures vanquished.

Vanquished Creatures (others)
  A hound (D:5)
  An orc priest (D:5)
  An adder (D:5)
  An orc (D:5)
  A quokka (D:5)
  61 fulminant prisms
  A fungus (D:2)
67 creatures vanquished.

Grand Total: 210 creatures vanquished

Notes
Turn   | Place    | Note
-------+----------+-------------------------------------------
     0 | D:1      | mandoloar the Deep Elf Conjurer began the quest for the
                  | Orb.
     0 | D:1      | Reached XP level 1. HP: 10/10 MP: 6/6
   243 | D:1      | Reached XP level 2. HP: 15/15 MP: 4/8
   355 | D:1      | Learned a level 2 spell: Searing Ray
  1038 | D:2      | Reached skill level 4 in Spellcasting
  1102 | D:2      | Reached XP level 3. HP: 19/19 MP: 5/10
  1104 | D:2      | Reached skill level 5 in Conjurations
  1571 | D:2      | Found a faded altar of an unknown god.
  1650 | D:2      | Found a runed translucent door.
  1730 | D:3      | Found a hide-covered altar of Uskayaw.
  2232 | D:2      | Noticed Crazy Yiuf
  2240 | D:2      | Killed Crazy Yiuf
  2241 | D:2      | Reached XP level 4. HP: 13/24 MP: 5/12
  2576 | D:5      | Entered Level 5 of the Dungeon
  2581 | D:5      | Reached skill level 5 in Spellcasting
  2734 | D:3      | You fall into a shaft and drop 3 floors!
  2917 | D:3      | Learned a level 4 spell: Fulminant Prism
  2922 | D:3      | Learned a level 4 spell: Iskenderun's Mystic Blast
  3509 | D:4      | Found a radiant altar of Vehumet.
  3522 | D:4      | Became a worshipper of Vehumet
  3544 | D:4      | Reached XP level 5. HP: 28/28 MP: 10/14
  3606 | D:4      | Found a bloodstained altar of Trog.
  3608 | D:4      | Found an ornate altar of the Wu Jian Council.
  3977 | D:4      | Found Quwud's Antique Armour Boutique.
  4146 | D:4      | Reached skill level 6 in Spellcasting
  4180 | D:4      | Found Wugopel's CLEARANCE SALE!.
  4268 | D:4      | Noticed an ogre
  4293 | D:4      | Killed an ogre
  4294 | D:4      | Reached XP level 6. HP: 32/32 MP: 12/17
  4550 | D:5      | Noticed Blork the orc
  4562 | D:5      | Killed Blork the orc
  4563 | D:5      | Reached skill level 7 in Spellcasting
  4787 | D:5      | Reached XP level 7. HP: 36/36 MP: 16/19
  4819 | D:5      | Found a staircase to the Ecumenical Temple.
  4824 | Temple   | Entered the Ecumenical Temple
  4824 | Temple   | Found a transporter.
  4824 | Temple   | Found a transporter.
  4826 | Temple   | Found a transporter.
  4826 | Temple   | Found a transporter.
  5038 | D:5      | Noticed Duvessa
  5044 | D:5      | Noticed Dowan
  5332 | D:5      | Killed Duvessa
  5333 | D:5      | Reached skill level 8 in Spellcasting
  5334 | D:5      | Killed Dowan
  5813 | D:6      | Reached * piety under Vehumet
  5813 | D:6      | Offered knowledge of Foxfire by Vehumet.
  5948 | D:6      | Reached skill level 9 in Spellcasting
  5948 | D:6      | Reached XP level 8. HP: 40/41 MP: 19/23
  6129 | D:6      | Noticed a troll
  6147 | D:6      | Killed a troll
  6148 | D:6      | Reached skill level 10 in Spellcasting
  7279 | D:7      | Reached skill level 11 in Spellcasting
  7279 | D:7      | Reached skill level 10 in Conjurations
  7410 | D:7      | Reached XP level 9. HP: 33/45 MP: 21/26
  8052 | D:7      | Noticed Pikel
  8059 | D:7      | Killed Pikel
  8060 | D:7      | Reached skill level 12 in Spellcasting
  8328 | D:8      | Found a shadowy altar of Dithmenos.
  8368 | D:9      | Noticed Amaemon
  8368 | D:9      | Noticed an orange demon
  8685 | D:8      | Found a broken altar of Ashenzari.
  8779 | D:8      | Offered knowledge of Momentum Strike by Vehumet.
  8779 | D:8      | Reached ** piety under Vehumet
  8887 | D:9      | Reached skill level 13 in Spellcasting
  8892 | D:9      | Found an ancient bone altar of Kikubaaqudgha.
  8895 | D:9      | Noticed Erolcha
  8927 | D:9      | Noticed Psyche
  8931 | D:8      | Demolished by Erolcha

Illustrated notes

Levels and vault maps discovered:
D:1:      lightli_arrival_noodles, layout_basic, minmay_misc_feat_roman
D:2:      layout_basic, shapermc_ecumenical_altar_gd, uniq_crazy_yiuf_cottage
D:3:      layout_loops_ring, nicolae_uskayaw_murder_on_the_dancefloor
D:4:      layout_basic, fiery_altar_vehumet, jmf_multi_god_temple, serial_shops,
          shop, hangedman_decor_clover_reticule, chequers_arboretum,
          nicolae_shop_clearance
D:5:      layout_basic, minmay_temple_entry_nine_rooms, lemuel_flamethrower_2,
          uniq_blork_the_orc, uniq_duvessa
D:6:      layout_loops_ring, corexii_hall_statues_s, glass_columns_a
D:7:      layout_gridville, minmay_misc_feat_tiny, uniq_pikel
D:8:      layout_rooms, mainiacjoe_overflow_brackets, grunt_dithmenos_smoke
D:9:      layout_cave_pools, lemuel_crystal_altar, led_xom_imps,
          amethyst_overflow_temple_binary, uniq_grum, uniq_harold, uniq_psyche,
          uniq_erolcha, uniq_amaemon
Temple:   hellmonk_temple_divided_pantheon

Skill      XL: |  1  2  3  4  5  6  7  8  9 |
---------------+----------------------------+-----
Spellcasting   | 4 5 6 7 9 11 13 | 13.0
Conjurations   | 5 6 7 8 10 11 | 11.6
Dodging        | |  2.4
Stealth        | |  2.4

Action                     |  1- 3 |  4- 6 |  7- 9 || total
---------------------------+-------+-------+-------++-------
  Melee: Dagger            |     1 |       |     1 ||     2
   Cast: Magic Dart        |    56 |    58 |    21 ||   135
         Searing Ray       |     4 |     7 |    17 ||    28
         Fulminant Prism   |       |    10 |    52 ||    62
         Iskenderun's Myst |       |       |     5 ||     5
    Use: Scroll            |     6 |     2 |     8 ||    16
 Armour: Robe              |     5 |     4 |     5 ||    14
         Leather armour    |       |       |     2 ||     2
  Dodge: Dodged            |     9 |     5 |    14 ||    28

Table legend: (Time is in decaauts)
 A = Elapsed time spent in this place.
 B = Non-inter-level travel time spent in this place.
 C = Inter-level travel time spent in this place.
 D = Time resting spent in this place.
 E = Time spent auto-exploring this place.
 F = Levels seen in this place.
 G = Mean time per level.
                   A        B        C        D        E       F      G
               +--------+--------+--------+--------+--------+-----+--------+
         Total |   8954 |   8365 |    589 |   1950 |   4456 |  10 |  895.4 |
       Dungeon |   8915 |   8337 |    578 |   1950 |   4449 |   9 |  990.6 |
        Temple |     38 |     27 |     11 |      0 |      7 |   1 |   38.0 |
               +--------+--------+--------+--------+--------+-----+--------+

Top non-repeatable levels by time:
     D:4: 1441 daAuts
     D:2: 1308 daAuts
     D:7: 1281 daAuts
     D:6: 1276 daAuts
     D:5: 1085 daAuts
     D:1: 1019 daAuts
     D:3: 877 daAuts
     D:8: 585 daAuts
     D:9: 39 daAuts
  Temple: 38 daAuts
